 Dungeon Crawl Stone Soup version 0.31.0-12-g77e489cdc1 (webtiles) character file.

Game seed: 15208864370217486954

145 spaghetti the Trooper (level 5, -1/46 HPs)
             Began as a Merfolk Chaos Knight on Feb 26, 2024.
             Was a Plaything of Xom.
             Slain by a gnoll
             ... wielding a +0 spear
              (7 damage)
             ... on level 3 of the Dungeon.
             The game lasted 00:02:09 (2091 turns).

spaghetti the Trooper (Merfolk Chaos Knight)        Turns: 2091, Time: 00:02:10

Health: -1/46      AC:  5    Str: 14    XL:     5   Next: 27%
Magic:  5/5        EV: 12    Int: 11    God:    Xom [..*...]
Gold:   149        SH:  0    Dex: 14    Spells: 4/4 levels left

rFire   . . .        e - +2 dagger (venom)
rCold   . . .        (no shield)
rNeg    . . .        a - +2 leather armour
rPois   .            (no helmet)
rElec   .            (no cloak)
rCorr   .            (no gloves)
SInv    .            (no boots)
Will    .....        (no amulet)
Stlth   +            (no ring)
HPRegen 0.27/turn    (no ring)
MPRegen 0.09/turn

%: no passive effects
@: no status effects
A: (nimble swimmer 2), mertail
a: Renounce Religion


You were on level 3 of the Dungeon.
You worshipped Xom.
You were a toy of Xom.
You visited 1 branch of the dungeon, and saw 3 of its levels.

You collected 149 gold pieces.

Inventory:

Hand Weapons
 e - a +2 dagger of venom (weapon)
Armour
 a - a +2 leather armour (worn)
Wands
 j - a wand of digging (6)
Scrolls
 b - a scroll of butterflies
 c - a scroll of enchant weapon
 g - 2 scrolls of amnesia
 l - a scroll of teleportation
Potions
 d - a potion of degeneration
 f - a potion of heal wounds {unknown}
 h - a potion of cancellation {unknown}
 k - a potion of mutation {unknown}


   Skills:
 + Level 6.0 Fighting
 - Level 0.6 Armour
 - Level 2.6 Dodging
 - Level 3.8 Unarmed Combat


You had 4 spell levels left.
You didn't know any spells.
Your spell library was empty.

Dungeon Overview and Level Annotations

Branches:
Dungeon (3/15)

Altars:


Innate Abilities, Weirdness & Mutations

((You are very nimble when in or above water. (Stealth+, EV+, Speed+++)))
Your lower body shifts to a powerful aquatic tail in water.


Message History

Unknown command.
You hit the gnoll.
You kill the gnoll!
The gnoll closely misses you. The gnoll hits you but does no damage.
A gnoll comes into view. It is wielding a +0 club.
The gnoll shouts!
You hit the gnoll but do no damage.
The gnoll is poisoned.
The gnoll hits you with a +0 spear!
The gnoll hits you from afar with a +0 spear!
You hit the gnoll.
The gnoll looks as sick as possible!
Your punch misses the gnoll.
The gnoll is heavily wounded.
The gnoll hits you but does no damage. The gnoll closely misses you.
The gnoll barely misses you. x2
You kill the gnoll!
Your Fighting skill increases to level 6!
You see here a +0 mace.
Xom smirks.
You detect nothing.
The gnoll barely misses you.
You hit the gnoll.
The gnoll is moderately wounded.
The gnoll hits you with a +0 spear!
You hit the gnoll. Your punch misses the gnoll.
The gnoll is heavily wounded.
The gnoll hits you but does no damage. x2
You hit the gnoll but do no damage.
The gnoll is poisoned.
The gnoll is heavily wounded.
The gnoll hits you but does no damage. The gnoll hits you with a +0 spear.
You barely miss the gnoll. The gnoll hits you but does no damage.
The gnoll hits you with a +0 spear.
* * * LOW HITPOINT WARNING * * *
The gnoll attacks as it pursues you! The gnoll barely misses you.
The gnoll hits you from afar with a +0 spear.
* * * LOW HITPOINT WARNING * * *
The gnoll attacks as it pursues you! The gnoll hits you with a +0 club.
* * * LOW HITPOINT WARNING * * *
The gnoll attacks as it pursues you!
The gnoll hits you from afar with a +0 spear!
You die...

#...##.# #.# #.# #.#
#.####.# #.# #.# #.#
#†# #.# #.# ##.###.#
#.# #.# #.# ##...##.#
#.# #.# #.# ###..#..#.#
#.####.# #.#
###...###.#.## ...†...#
#.###...g).#.....######
#.######
#.##...g##...#.....$...
#.#
#.#...@.###........####
#.#####
#........######.##)# #
#.#...# #........#
#.##.#### #.....#
##.......# #........
###...#######.....##
#########
##..)).........## #
###############


You could see 2 gnolls.

Vanquished Creatures
  4 adders
  2 gnolls (D:3)
  3 ribbon worms (D:2)
  A dart slug (D:2)
  8 orcs
  3 endoplasms
  A giant cockroach (D:2)
  10 goblins
  5 hobgoblins (D:1)
  3 jackals (D:3)
  7 kobolds
  3 quokkas
  8 ball pythons
  3 bats
  2 frilled lizards (D:2)
  4 rats
67 creatures vanquished.

Notes
Turn   | Place    | Note
-------+----------+-------------------------------------------
     0 | D:1      | spaghetti the Merfolk Chaos Knight began the quest for the
                  | Orb.
     0 | D:1      | Reached XP level 1. HP: 18/18 MP: 1/1
   103 | D:1      | Reached XP level 2. HP: 23/24 MP: 2/2
   190 | D:1      | XOM: divination: detect items
   454 | D:1      | Reached skill level 4 in Fighting
   479 | D:1      | Reached XP level 3. HP: 30/30 MP: 3/3
  1021 | D:2      | Reached XP level 4. HP: 27/38 MP: 4/4
  1080 | D:2      | Reached skill level 5 in Fighting
  1394 | D:2      | XOM: scenery: 1 doors open, 1 doors close
  1624 | D:3      | XOM: smoke on damage
  1838 | D:3      | XOM is BORED!
  1934 | D:3      | XOM: smoke on damage
  1935 | D:3      | Reached XP level 5. HP: 37/46 MP: 5/5
  2077 | D:3      | Reached skill level 6 in Fighting
  2085 | D:3      | XOM: divination: detect creatures
  2091 | D:3      | Slain by a gnoll

Illustrated notes

Levels and vault maps discovered:
D:1:      kennysheep_arrival_forest, layout_basic
D:2:      layout_basic, minmay_cupped
D:3:      layout_loops_ring

Skill      XL: |  1  2  3  4  5 |
---------------+----------------+-----
Fighting       | 4 5 6 |  6.0
Armour         | |  0.6
Dodging        | |  2.6
Unarmed Combat | |  3.8

Action                     |  1- 3 |  4- 6 || total
---------------------------+-------+-------++-------
  Melee: Unarmed           |    45 |       ||    45
         Dagger            |    74 |   110 ||   184
    Use: Scroll            |       |     5 ||     5
   Stab: Sleeping          |     1 |     1 ||     2
         Distracted        |     1 |       ||     1
 Armour: Leather armour    |    60 |    68 ||   128
  Dodge: Dodged            |    73 |    69 ||   142
